 Dungeon Sprint DCSS version 0.20.1 (webtiles) character file.

978 panicbit the Blocker (level 7, -1/73 HPs)
             Began as a Minotaur Fighter on July 2, 2017.
             Was a Believer of Okawaru.
             Killed by drain life
             ... invoked by a soul eater
             ... summoned by a kobold demonologist
              (8 damage)
             ... in the Dungeon (Sprint I: "Red Sonja").
             The game lasted 00:01:41 (483 turns).

panicbit the Blocker (Minotaur Fighter)              Turns: 483, Time: 00:01:41

Health: -1/73      AC:  8    Str: 20    XL:     7   Next: 95%
Magic:  6/6        EV: 11    Int:  5    God:    Okawaru [**....]
Gold:   405        SH: 12    Dex: 12    Spells: 6/6 levels left

rFire    . . .     SeeInvis .   a - +0 war axe
rCold    . . .     Gourm    .   c - +0 shield
rNeg     . . .     Faith    .   b - +0 scale mail
rPois    .         Spirit   .   (helmet restricted)
rElec    .         Reflect  .   (no cloak)
rCorr    .         Harm     .   (no gloves)
MR       .....     NoTele   +   (no boots)
Stlth    ..........             (no amulet)
Regen    0.3/turn               (no ring)
MPRegen  0.1/turn               (no ring)

@: no status effects
A: retaliatory headbutt, horns 2
a: Heroism, Renounce Religion


You were in the Dungeon.
You worshipped Okawaru.
Okawaru was pleased with you.
You were not hungry.

You visited 1 branch You collected 405 gold pieces.

Inventory:

Hand Weapons
 a - a +0 war axe (weapon)
Armour
 b - a +0 scale mail (worn)
 c - a +0 shield (worn)
Scrolls
 k - a scroll of blinking
Potions
 d - a potion of might
 e - a potion of curing
 g - a potion of heal wounds
 h - a potion of haste
 i - 2 potions of magic
 j - a potion of berserk rage
 l - a potion of ambrosia {unknown}
Comestibles
 f - a bread ration


   Skills:
 + Level 10.6 Fighting
 + Level 10.4 Axes
 + Level 10.2 Armour
 + Level 4.4 Dodging
 + Level 11.1 Shields


You had 6 spell levels left.
You didn't know any spells.

Dungeon Overview and Level Annotations

Branches:
Dungeon (1/1)

Altars:
Cheibriados
Dithmenos
Elyvilon
Fedhas
Gozag
Hepliaklqana
Kikubaaqudgha
Makhleb
Nemelex Xobeh
Okawaru
Qazlal
Ru
Sif Muna
Trog
Uskayaw
Vehumet
Xom
Yredelemnul
Zin
The Shining One
Jiyva
Lugonu

Shops:
D (


Innate Abilities, Weirdness & Mutations

You reflexively headbutt those who attack you in melee.
You have a pair of horns on your head.


Message History

The kobold demonologist is moderately wounded.
You hit the hellwing.
The kobold demonologist hits you but does no damage.
You miss the kobold demonologist. You headbutt the kobold demonologist!
The kobold demonologist is heavily wounded.
You closely miss the soul eater. You block the red devil's attack.
You block the kobold demonologist's attack.
The hellwing swoops through the air toward you!
The hellwing misses you. The hellwing closely misses you.
You closely miss the kobold demonologist.
The kobold demonologist is heavily wounded.
You hit the hellwing. You closely miss the soul eater.
The red devil hits you from afar with a trident!
* * * LOW HITPOINT WARNING * * *
You block the kobold demonologist's attack.
The hellwing hits you!
* * * LOW HITPOINT WARNING * * *
The hellwing hits you but does no damage.
The soul eater draws from the surrounding life force!
You die...

######################
..)..#..'..#__#.3@4..#
).#..').#..'..'4K#...#
####'#####'#__####...+
###..#...#)#### ####
__####..##.#
_____##'#..+
_.∩...'..._#
_..__##_.#+#
_____###+#


You could see a soul eater, a hellwing, a kobold demonologist and a red devil.

Vanquished Creatures
  A kobold demonologist (D)
  A slime creature (D)
  Sigmund (D)
  A yak (D)
  A floating eye (D)
  An ogre (D)
  Ijyb (D)
  A jelly (D)
8 creatures vanquished.

Notes
Turn   | Place    | Note
-------+----------+-------------------------------------------
     0 | D        | panicbit the Minotaur Fighter began the quest for the Orb.
     0 | D        | Reached XP level 1. HP: 19/19 MP: 0/0
     1 | D        | Noticed Ijyb
    15 | D        | Killed Ijyb
    15 | D        | Reached skill level 5 in Fighting
    15 | D        | Reached skill level 5 in Armour
    15 | D        | Reached skill level 5 in Shields
    15 | D        | Reached XP level 2. HP: 29/29 MP: 1/1
    18 | D        | Noticed an ogre
    20 | D        | Killed an ogre
    20 | D        | Reached skill level 1 in Dodging
    20 | D        | Reached skill level 7 in Shields
    20 | D        | Reached XP level 3. HP: 32/38 MP: 2/2
    20 | D        | Reached XP level 4. HP: 38/45 MP: 3/3
    63 | D        | Noticed Sigmund
    73 | D        | Killed Sigmund
    73 | D        | Reached skill level 8 in Shields
    73 | D        | Reached XP level 5. HP: 34/56 MP: 4/4
    73 | D        | Reached XP level 6. HP: 38/62 MP: 5/5
   203 | D        | Found a deep blue altar of Sif Muna.
   205 | D        | Found a radiant altar of Vehumet.
   207 | D        | Reached skill level 9 in Shields
   214 | D        | Found Tynner's Weapon Emporium.
   214 | D        | Found an ancient bone altar of Kikubaaqudgha.
   214 | D        | Found a hazy altar of Hepliaklqana.
   214 | D        | Found a stormy altar of Qazlal.
   214 | D        | Found a hide-covered altar of Uskayaw.
   214 | D        | Found a blossoming altar of Fedhas.
   214 | D        | Found a bloodstained altar of Trog.
   214 | D        | Found an iron altar of Okawaru.
   214 | D        | Found a basalt altar of Yredelemnul.
   214 | D        | Found a glowing golden altar of the Shining One.
   214 | D        | Found a snail-covered altar of Cheibriados.
   214 | D        | Found a sacrificial altar of Ru.
   214 | D        | Found a glowing silver altar of Zin.
   214 | D        | Found a shadowy altar of Dithmenos.
   214 | D        | Found a white marble altar of Elyvilon.
   214 | D        | Noticed a yak
   217 | D        | Found an opulent altar of Gozag.
   218 | D        | Found a sparkling altar of Nemelex Xobeh.
   224 | D        | Became a worshipper of Warmaster Okawaru
   226 | D        | Killed a yak
   256 | D        | Found a burning altar of Makhleb.
   256 | D        | Found a viscous altar of Jiyva.
   256 | D        | Found a shimmering altar of Xom.
   256 | D        | Found a corrupted altar of Lugonu.
   256 | D        | Noticed a slime creature
   267 | D        | Killed a slime creature
   267 | D        | Reached * piety under Okawaru
   267 | D        | Reached skill level 10 in Shields
   267 | D        | Reached XP level 7. HP: 32/71 MP: 6/6
   464 | D        | Noticed a kobold demonologist
   465 | D        | Noticed a kobold demonologist
   466 | D        | Reached skill level 10 in Fighting
   475 | D        | Noticed a sun demon
   475 | D        | Noticed a red devil
   477 | D        | Noticed a hellwing
   478 | D        | Noticed a soul eater
   478 | D        | Killed a kobold demonologist
   478 | D        | Reached ** piety under Okawaru
   478 | D        | Reached skill level 10 in Axes
   478 | D        | Reached skill level 10 in Armour
   478 | D        | Reached skill level 11 in Shields
   483 | D        | Killed from afar by a soul eater

Skill      XL: |  1  2  3  4  5  6  7 |
---------------+----------------------+-----
Fighting       | 5 6 8 9 10 | 10.6
Axes           | 3 4 6 8 10 | 10.4
Armour         | 5 6 8 9 10 | 10.2
Shields        | 5 7 8 10 11 | 11.1
Dodging        | 1 2 3 4 |  4.4

Action                   |  1- 3 |  4- 6 |  7- 9 || total
-------------------------+-------+-------+-------++-------
Melee: War axe           |    15 |    22 |    17 ||    54
       Headbutt          |     4 |     7 |     5 ||    16
Armor: Scale mail        |     7 |     1 |    12 ||    20
Dodge: Dodged            |     2 |     7 |     8 ||    17
Block: Shield            |     7 |    10 |    13 ||    30
